 Dungeon Crawl Stone Soup version 0.18.1-48-g4cf74bf (webtiles) character file.

186 meme the Magician (level 5, 0/28 HPs)
             Began as a Deep Elf Air Elementalist on July 8, 2016.
             Was an Initiate of Fedhas.
             Slain by a gnoll
             ... wielding a +0 spear
              (7 damage)
             ... on level 3 of the Dungeon.
             The game lasted 00:35:12 (1978 turns).

meme the Magician (Deep Elf Air Elementalist)       Turns: 1978, Time: 00:35:13

Health: 0/28       AC:  4    Str:  5    XL:     5   Next: 38%
Magic:  9/14       EV: 14    Int: 21    God:    Fedhas [......]
Gold:   67         SH:  0    Dex: 20    Spells: 5 memorised, 1 level left

rFire  . . .     SeeInvis .     d - +0 hand axe
rCold  . . .     Gourm    .     w - +0 robe
rNeg   . . .     Faith    .     (no shield)
rPois  .         Spirit   .     (no helmet)
rElec  .         Dismiss  .     (no cloak)
rCorr  .         Reflect  .     n - +1 pair of gloves {Dex+3}
SustAt .         Harm     .     (no boots)
MR     .....                    (no amulet)
Stlth  +++.......               (no ring)
                                m - +2 ring of dexterity

@: about to teleport, repel missiles, not resistant to hostile enchantments,
fairly stealthy
A: no striking features
a: Renounce Religion


You were on level 3 of the Dungeon.
You worshipped Fedhas.
Fedhas was noncommittal.
You were hungry.

You visited 1 branch of the dungeon, and saw 4 of its levels.

You collected 67 gold pieces.

Inventory:

Hand Weapons
 d - a +0 hand axe (weapon)
 t - a +2 antimagic dagger
Missiles
 q - 3 tomahawks (quivered)
Armour
 n - a +1 pair of gloves of dexterity (worn)
 w - a +0 robe (worn)
Jewellery
 m - a +2 ring of dexterity (left hand)
Scrolls
 h - a scroll of amnesia {unknown}
 i - a scroll of teleportation
 k - a scroll of recharging {unknown}
Potions
 e - a potion of haste
 o - a potion of curing
 p - a potion of lignification {unknown}
 r - a potion of resistance {unknown}
 u - a potion of mutation {unknown}
Books
 b - a book of Air

   Spells                             Type                      Level
   a - Shock                          Conjuration/Air              1
   b - Swiftness                      Charms/Air                   2
   c - Repel Missiles                 Charms/Air                   2
   d - Static Discharge               Conjuration/Air              3
   e - Lightning Bolt                 Conjuration/Air              5
Comestibles
 c - 4 bread rations
 f - a fruit
 j - a slice of pizza
 l - a meat ration


   Skills:
 + Level 0.7 Fighting
 + Level 2.8 Dodging
 + Level 2.9 Stealth
 + Level 5.4 Spellcasting
 + Level 1.8 Conjurations
 + Level 0.8 Charms
 + Level 4.1 Air Magic


You had one spell level left.
You knew the following spells:

 Your Spells              Type           Power        Failure   Level  Hunger
a - Shock                 Conj/Air       ###.         3%          1    None
b - Swiftness             Chrm/Air       ###.....     8%          2    None
c - Static Discharge      Conj/Air       ###.....     12%         3    ##.....
d - Repel Missiles        Chrm/Air       ###...       8%          2    None
e - Lightning Bolt        Conj/Air       ###.......   87%         5    #####..


Dungeon Overview and Level Annotations

Branches:
Dungeon (4/15)
 Temple: D:4-7

Altars:
Ashenzari
Fedhas
Makhleb
Nemelex Xobeh
Pakellas
Vehumet

Annotations:
D:4 kobby's ghost, amateur HOGl


Message History

You hit something but do no damage. You hit the gnoll but do no damage.
The gnoll is severely wounded.
Something hits you but does no damage. The gnoll closely misses you.
Casting: Shock
Confirm with . or Enter, or press ? or * to list all spells.
You don't know that spell.
Casting: Shock
Confirm with . or Enter, or press ? or * to list all spells.
Okay, then.
Read which item? (? for menu, Esc to quit)
As you read the scroll of immolation, it crumbles to dust.
The creatures around you are filled with an inner flame!
Something hits you.
* * * LOW HITPOINT WARNING * * *
The gnoll barely misses you.
Read which item? (? for menu, Esc to quit)
As you read the scroll of teleportation, it crumbles to dust.
You feel strangely unstable. Something hits you!
You die...
Fedhas appreciates your contribution to the ecosystem.

#.### ##########[..# #÷#
#...##############.## #.#
###.#............#.# #.# #
#.#.##########.#.# #.##### #
#.#.# ######.#.#####.....#
###.#.#####.......#..........#
.....#f.....####÷#.#####.###.#
..#.#.####### #.#.# #.# #.#
#.#.#.# #@#.# #.# #.#
#.#.#.##########g#.#####.###.#
#.#.#........................####
#.#.######..†###..######.###.....
#.#P#####.....##..# #.# ######
....##.#...[...#..######.#
......#.........<........#
.....###......<...########
#####.#.......###.#


You could see a gnoll (inner flame).

Vanquished Creatures
  Sigmund (D:3)
  A gnoll (D:3)
  3 adders
  2 worms (D:3)
  A hobgoblin (D:3)
  2 jackals (D:3)
  3 bats
  2 giant newts
  3 goblins
  7 kobolds
  5 rats
30 creatures vanquished.

Vanquished Creatures (others)
  A wandering mushroom (D:3)
  23 toadstools
24 creatures vanquished.

Grand Total: 54 creatures vanquished

Notes
Turn   | Place    | Note
--------------------------------------------------------------
     0 | D:1      | meme the Deep Elf Air Elementalist began the quest for the Orb.
     0 | D:1      | Reached XP level 1. HP: 10/10 MP: 6/6
    47 | D:1      | You fall through a shaft!
    53 | D:2      | Found a burning altar of Makhleb.
    83 | D:2      | Found a shattered altar of Ashenzari.
    83 | D:2      | Found a blossoming altar of Fedhas.
    92 | D:2      | Became a worshipper of Fedhas Madash
   148 | D:2      | Found a sparkling altar of Nemelex Xobeh.
   179 | D:2      | Reached XP level 2. HP: 15/15 MP: 1/8
   193 | D:2      | Found an oddly glowing altar of Pakellas.
   274 | D:2      | Learned a level 2 spell: Swiftness
   444 | D:3      | Noticed Sigmund
   839 | D:3      | Reached XP level 3. HP: 18/19 MP: 3/10
   846 | D:3      | Learned a level 3 spell: Static Discharge
   849 | D:3      | Learned a level 2 spell: Repel Missiles
  1156 | D:3      | Found a radiant altar of Vehumet.
  1329 | D:3      | Reached skill level 4 in Spellcasting
  1751 | D:3      | Reached * piety under Fedhas
  1825 | D:3      | Killed Sigmund
  1825 | D:3      | Reached skill level 5 in Spellcasting
  1825 | D:3      | Reached XP level 4. HP: 13/24 MP: 2/13
  1825 | D:3      | Reached XP level 5. HP: 15/28 MP: 2/14
  1871 | D:4      | Noticed kobby's ghost (amateur HOGl)
  1896 | D:3      | Learned a level 5 spell: Lightning Bolt
  1978 | D:3      | Slain by a gnoll

Skill      XL: |  1  2  3 |
---------------+----------+-----
Spellcasting   | 5 |  5.4
Air Magic      | 4 |  4.1
Fighting       | |  0.7
Dodging        | |  2.8
Stealth        | |  2.9
Conjurations   | |  1.8
Charms         | |  0.8

Action                   |  1- 3 |  4- 6 || total
-------------------------+-------+-------++-------
Melee: Unarmed           |     4 |       ||     4
       Dagger            |     4 |       ||     4
       Hand axe          |     3 |     1 ||     4
 Cast: Shock             |    81 |    14 ||    95
       Swiftness         |     5 |       ||     5
       Repel Missiles    |     2 |       ||     2
       Static Discharge  |     1 |       ||     1
Invok: Evolution         |     1 |       ||     1
  Use: Scroll            |     2 |     3 ||     5
       Potion            |     2 |       ||     2
  Eat: Royal jelly       |     1 |       ||     1
       Fruit             |     1 |       ||     1
Armor: Robe              |     7 |     4 ||    11
Dodge: Dodged            |    36 |    15 ||    51
       Deflected         |     1 |       ||     1
